[Event "FIDE WCCC Open-10 2024"]
[Site "Montesilvano"]
[Date "2024.11.18"]
[Round "4.11"]
[White "Ling, Chenxuan"]
[Black "Mirzhanov, Arlan"]
[Result "1/2-1/2"]
[ECO "E71"]
[WhiteElo "1967"]
[BlackElo "1721"]
[Annotator "RC"]
[PlyCount "58"]
[EventDate "2024.11.18"]
[EventType "swiss"]
[EventCountry "ITA"]
[SourceTitle "playchess.com"]
[Source "ChessBase"]
[SourceQuality "1"]
[TimeControl "5400+30"]

1. d4 Nf6 2. c4 g6 3. Nc3 Bg7 4. e4 d6 5. h3 O-O 6. Be3 e5 7. d5 a5 8. g4 Na6 9. Nge2 c6 10. Ng3 cxd5 11. Nxd5 Nxd5 12. cxd5 Bd7 13. h4 Rc8 14. Bxa6 bxa6 15. f3 a4 16. Qd2 Qc7 17. Kf2 Qc2 18. Rac1 Qxd2+ 19. Bxd2 Bf6 20. Bb4 Be7 21. a3 h6 22. Kg2 Bb5 23. Bd2 Kg7 24. h5 Bg5 25. Bxg5 hxg5 26. Kf2 Bd7 27. Rhd1 Rfd8 28. hxg6 fxg6 29. Ne2 Kf6 1/2-1/2

[Event "FIDE WCCC Open-10 2024"]
[Site "Montesilvano"]
[Date "2024.11.18"]
[Round "4.12"]
[White "Andre, Tomas"]
[Black "Aitmukhanov, Arsen"]
[Result "1-0"]
[ECO "B22"]
[WhiteElo "1928"]
[BlackElo "1579"]
[Annotator "RC"]
[PlyCount "41"]
[EventDate "2024.11.18"]
[EventType "swiss"]
[EventCountry "ITA"]
[SourceTitle "playchess.com"]
[Source "ChessBase"]
[SourceQuality "1"]
[TimeControl "5400+30"]

1. e4 c5 2. d4 cxd4 3. c3 Nf6 4. e5 Nd5 5. Bc4 Nb6 6. Bb3 dxc3 7. Nxc3 Nc6 8. Nf3 Na5 9. Bc2 g6 10. h4 Bg7 11. h5 O-O 12. Ng5 Qc7 13. f4 f5 14. Nxh7 Kxh7 15. hxg6+ Kg8 16. Rh8+ Bxh8 17. Qh5 Rf7 18. gxf7+ Kf8 19. Qh7 e6 20. Qg8+ Ke7 21. Qe8# 1-0

[Event "FIDE WCCC Open-10 2024"]
[Site "Montesilvano"]
[Date "2024.11.18"]
[Round "4.12"]
[White "Tenuun, Tseesuren"]
[Black "Enkhbileg, Gantumur"]
[Result "1-0"]
[ECO "E99"]
[WhiteElo "1702"]
[BlackElo "1529"]
[Annotator "NA RC"]
[PlyCount "97"]
[EventDate "2024.11.18"]
[EventType "swiss"]
[EventCountry "ITA"]
[SourceTitle "playchess.com"]
[Source "ChessBase"]
[SourceQuality "1"]
[TimeControl "5400+30"]

1. d4 Nf6 2. c4 g6 3. Nc3 Bg7 4. e4 d6 5. Nf3 O-O 6. Be2 Nc6 7. Be3 e5 8. d5 Ne7 9. O-O Ne8 10. Ne1 f5 11. f3 f4 12. Bf2 g5 13. c5 Ng6 14. Rc1 Nf6 15. cxd6 cxd6 16. Nb5 b6 17. Qa4 Bd7 18. Qa3 Bxb5 19. Bxb5 Rf7 20. h3 h5 21. Nc2 g4 22. Nb4 Nh7 23. fxg4 Qg5 24. Be2 hxg4 25. Bxg4 Kh8 26. Rc6 Nf6 27. Qf3 Nh4 28. Bxh4 Qxh4 29. Be6 Rff8 30. Rxd6 Nh5 31. Rc1 Nf6 32. Nc6 Ne8 33. Rd7 a6 34. Rb7 b5 35. Ne7 Qh6 36. Nf5 Qh7 37. Nxg7 Nxg7 38. Rcc7 Qh4 39. Rxg7 Qe1+ 40. Kh2 Qh4 41. Rh7+ Qxh7 42. Rxh7+ Kxh7 43. Qh5+ Kg7 44. Qg5+ Kh7 45. Bf5+ Rxf5 46. exf5 Rg8 47. Qe7+ Rg7 48. f6 Rxe7 49. fxe7 1-0

[Event "FIDE WCCC Open-10 2024"]
[Site "Montesilvano"]
[Date "2024.11.18"]
[Round "4.13"]
[White "Mikkelsen, Anders Askjaer"]
[Black "Larion, Iustin"]
[Result "1/2-1/2"]
[ECO "B14"]
[WhiteElo "1745"]
[BlackElo "1925"]
[Annotator "RC"]
[PlyCount "66"]
[EventDate "2024.11.18"]
[EventType "swiss"]
[EventCountry "ITA"]
[SourceTitle "playchess.com"]
[Source "ChessBase"]
[SourceQuality "1"]
[TimeControl "5400+30"]

1. e4 c6 2. d4 d5 3. exd5 cxd5 4. c4 e6 5. Nc3 Bb4 6. Nf3 Nf6 7. Bg5 h6 8. Bxf6 Qxf6 9. cxd5 O-O 10. Bd3 exd5 11. O-O Bxc3 12. bxc3 Bg4 13. Be2 Nd7 14. h3 Bxf3 15. Bxf3 Nb6 16. a4 Qd6 17. Rb1 Qc6 18. Qb3 Rab8 19. Rfc1 Rfd8 20. Be2 Nc4 21. Bxc4 dxc4 22. Qb5 Qc7 23. Rb4 Rdc8 24. a5 Qf4 25. Rd1 Rc6 26. Rxc4 Rg6 27. Rc5 Qf3 28. Qf1 Rxg2+ 29. Qxg2 Qxd1+ 30. Kh2 Re8 31. Qxb7 Qd2 32. Qf3 f6 33. Kg2 Qc2 1/2-1/2

[Event "FIDE WCCC Open-10 2024"]
[Site "Montesilvano"]
[Date "2024.11.18"]
[Round "4.13"]
[White "Skouroupathis, Kyriakos"]
[Black "Thorulsley, Kairaav"]
[Result "1-0"]
[ECO "B51"]
[WhiteElo "1695"]
[BlackElo "1520"]
[Annotator "NA RC"]
[PlyCount "81"]
[EventDate "2024.11.18"]
[EventType "swiss"]
[EventCountry "ITA"]
[SourceTitle "playchess.com"]
[Source "ChessBase"]
[SourceQuality "1"]
[TimeControl "5400+30"]

1. e4 c5 2. Nf3 d6 3. Bb5+ Nd7 4. c3 e6 5. O-O Be7 6. d4 cxd4 7. cxd4 Ngf6 8. Nc3 O-O 9. Bg5 a6 10. Bd3 h6 11. Bf4 Nh5 12. Be3 Nhf6 13. h3 b5 14. e5 dxe5 15. dxe5 Nd5 16. Nxd5 exd5 17. Bc2 Bb7 18. Bb3 Nb6 19. Qd3 Nc4 20. Bc2 f5 21. exf6 Rxf6 22. Qh7+ Kf7 23. Bd4 Qh8 24. Qxh8 Rxh8 25. Bxf6 Bxf6 26. Bb3 Nxb2 27. Rab1 Nc4 28. a4 Bc6 29. axb5 axb5 30. Rfd1 Rd8 31. Nd4 Bxd4 32. Rxd4 Rd7 33. Re1 g6 34. f4 Kf6 35. g4 Bb7 36. Kf2 Bc6 37. Kf3 Rd6 38. h4 Bb7 39. g5+ hxg5 40. fxg5+ Kf5 41. Rf4# 1-0

[Event "FIDE WCCC Open-10 2024"]
[Site "Montesilvano"]
[Date "2024.11.18"]
[Round "4.14"]
[White "Zuo, Junyu"]
[Black "Kostyukovich, Ivan"]
[Result "1-0"]
[ECO "C54"]
[WhiteElo "2120"]
[BlackElo "1489"]
[Annotator "RC"]
[PlyCount "59"]
[EventDate "2024.11.18"]
[EventType "swiss"]
[EventCountry "ITA"]
[SourceTitle "playchess.com"]
[Source "ChessBase"]
[SourceQuality "1"]
[TimeControl "5400+30"]

1. e4 e5 2. Bc4 Nf6 3. d3 Nc6 4. Nf3 Bc5 5. c3 a6 6. O-O d6 7. a4 Ba7 8. Nbd2 h6 9. Re1 g5 10. b4 g4 11. Nh4 Nxe4 12. Nxe4 Qxh4 13. d4 f5 14. Ng3 Bd7 15. b5 Ne7 16. bxa6 bxa6 17. dxe5 dxe5 18. Rxe5 Qf6 19. Qe2 Kd8 20. Ba3 Ng6 21. Re6 Bxe6 22. Bxe6 Nf4 23. Qd2+ Bd4 24. Qxf4 Qxe6 25. Qxd4+ Qd7 26. Qxh8+ Qe8 27. Rd1+ Kc8 28. Qxe8+ Kb7 29. Rb1+ Ka7 30. Bc5# 1-0

[Event "FIDE WCCC Open-10 2024"]
[Site "Montesilvano"]
[Date "2024.11.18"]
[Round "4.14"]
[White "Yao, Lucas Mason Pin Qian"]
[Black "Chen, Pin-Jui"]
[Result "1/2-1/2"]
[ECO "C93"]
[WhiteElo "1687"]
[BlackElo "1505"]
[Annotator "NA RC"]
[PlyCount "95"]
[EventDate "2024.11.18"]
[EventType "swiss"]
[EventCountry "ITA"]
[SourceTitle "playchess.com"]
[Source "ChessBase"]
[SourceQuality "1"]
[TimeControl "5400+30"]

1. e4 e5 2. Nf3 Nc6 3. Bb5 a6 4. Ba4 Nf6 5. d3 b5 6. Bb3 Be7 7. O-O O-O 8. Re1 d6 9. h3 h6 10. c3 Be6 11. Bc2 d5 12. exd5 Qxd5 13. Bb3 Qd6 14. Bxe6 fxe6 15. Qe2 Nd7 16. d4 Bf6 17. dxe5 Ndxe5 18. Nxe5 Qxe5 19. Be3 Rad8 20. Nd2 Qd5 21. Nb3 Be7 22. Rad1 Qf5 23. Rxd8 Rxd8 24. Bd4 Kf7 25. Qe3 Bg5 26. Qg3 Qf4 27. Qxf4+ Bxf4 28. Nc5 e5 29. Be3 a5 30. Ne4 Bxe3 31. Rxe3 Rd1+ 32. Kh2 Rb1 33. Re2 b4 34. cxb4 Nd4 35. Rd2 axb4 36. f4 Ke6 37. Nc5+ Kd5 38. Nb3 c5 39. fxe5 Re1 40. Kg3 Rxe5 41. Kf2 Kc4 42. Nc1 g5 43. Nd3 Re4 44. Nc1 h5 45. g3 h4 46. Rd3 Nf5 47. g4 Nd4 48. Re3 1/2-1/2

[Event "FIDE WCCC Open-10 2024"]
[Site "Montesilvano"]
[Date "2024.11.18"]
[Round "4.15"]
[White "Li, Weilong"]
[Black "Ilko-Toth, Andras"]
[Result "1-0"]
[ECO "B12"]
[WhiteElo "1735"]
[BlackElo "2115"]
[Annotator "RC"]
[PlyCount "159"]
[EventDate "2024.11.18"]
[EventType "swiss"]
[EventCountry "ITA"]
[SourceTitle "playchess.com"]
[Source "ChessBase"]
[SourceQuality "1"]
[TimeControl "5400+30"]

1. e4 c6 2. d4 d5 3. e5 Bf5 4. h4 a6 5. g4 Bd7 6. Nc3 c5 7. Be3 e6 8. Nge2 Nc6 9. f4 h5 10. g5 cxd4 11. Nxd4 Nxd4 12. Bxd4 Ne7 13. Bh3 Rc8 14. Qd2 g6 15. Qf2 Rc4 16. Bf1 Rc6 17. Bd3 b5 18. a4 b4 19. Na2 Nf5 20. Bxf5 exf5 21. Nc1 Be7 22. Nb3 O-O 23. a5 Qc8 24. Rh2 Qb7 25. Bc5 Be6 26. Bxe7 Qxe7 27. Rd1 Rfc8 28. Rd2 Qc7 29. Kf1 Rc4 30. Kg1 Kg7 31. Rg2 Qc6 32. Kh2 Qc7 33. Kg3 Kh7 34. Qb6 Qxb6 35. axb6 Rb8 36. b7 Rc7 37. Na5 Rc5 38. Nb3 Rb5 39. Rg1 R8xb7 40. Ra1 R7b6 41. Ra4 a5 42. Rxa5 Rxa5 43. Nxa5 Ra6 44. Nb7 Ra2 45. b3 Ra6 46. Nd6 Rc6 47. Ne8 Rc3+ 48. Kg2 Kg8 49. Nd6 Rc5 50. Kf2 Kf8 51. Ke2 Ke7 52. Kd1 Rc3 53. Rd3 Rc6 54. Rd4 Rb6 55. Kd2 Kd7 56. c3 bxc3+ 57. Kxc3 Rc6+ 58. Kb2 Rb6 59. b4 Kc6 60. Kb3 Rb8 61. Kb2 Rb6 62. Kc3 Rb8 63. Rd1 Ra8 64. Kb2 Kb6 65. Ra1 Rb8 66. Kc3 Kc6 67. Ra6+ Rb6 68. b5+ Kc5 69. Rxb6 d4+ 70. Kd3 Kxb6 71. Kxd4 Ba2 72. Nc4+ Kxb5 73. e6 fxe6 74. Ne5 Bb3 75. Nxg6 Kc6 76. Ne5+ Kd6 77. g6 Ke7 78. g7 Bc4 79. g8=Q Kd6 80. Qd8# 1-0

[Event "FIDE WCCC Open-10 2024"]
[Site "Montesilvano"]
[Date "2024.11.18"]
[Round "4.16"]
[White "Zhang, Junyi"]
[Black "Montaigu Dupont, Arthur"]
[Result "1-0"]
[ECO "B24"]
[WhiteElo "2061"]
[BlackElo "1767"]
[Annotator "RC"]
[PlyCount "65"]
[EventDate "2024.11.18"]
[EventType "swiss"]
[EventCountry "ITA"]
[SourceTitle "playchess.com"]
[Source "ChessBase"]
[SourceQuality "1"]
[TimeControl "5400+30"]

1. e4 c5 2. Nf3 e6 3. g3 Nc6 4. Bg2 d5 5. exd5 exd5 6. O-O Nf6 7. d4 cxd4 8. Nxd4 Be7 9. Nc3 O-O 10. Bg5 h6 11. Bxf6 Bxf6 12. Nde2 d4 13. Nd5 Be5 14. Ndf4 Bf5 15. Nd3 Bf6 16. Nef4 Ne5 17. Nxe5 Bxe5 18. Nd3 Bf6 19. Bxb7 Rb8 20. Qf3 Bxd3 21. cxd3 Qe7 22. Bd5 Rxb2 23. Rfe1 Qd6 24. Bb3 Qb4 25. Rec1 Qd2 26. Rc7 Qa5 27. Rac1 Qd2 28. Kg2 a5 29. Rxf7 Rxf7 30. Rc8+ Kh7 31. Bxf7 Qg5 32. h4 Qe5 33. h5 1-0

[Event "FIDE WCCC Open-10 2024"]
[Site "Montesilvano"]
[Date "2024.11.18"]
[Round "4.16"]
[White "Megagiannis, Maximos"]
[Black "Dien James"]
[Result "1-0"]
[ECO "B01"]
[WhiteElo "1682"]
[BlackElo "1513"]
[Annotator "NA RC"]
[PlyCount "73"]
[EventDate "2024.11.18"]
[EventType "swiss"]
[EventCountry "ITA"]
[SourceTitle "playchess.com"]
[Source "ChessBase"]
[SourceQuality "1"]
[TimeControl "5400+30"]

1. e4 d5 2. exd5 Qxd5 3. Nc3 Qa5 4. Bc4 e6 5. Nf3 Nf6 6. d3 Nc6 7. Bd2 Qb6 8. Na4 Qc5 9. Nxc5 Bxc5 10. O-O O-O 11. c3 Na5 12. Bb5 c6 13. Ba4 b5 14. Bc2 Bb7 15. b4 Bb6 16. bxa5 Bxa5 17. d4 Rfd8 18. Re1 Nd5 19. h3 Nxc3 20. Bxh7+ Kxh7 21. Qc2+ Kg8 22. Bxc3 Bxc3 23. Qxc3 a5 24. Ne5 b4 25. Qf3 f6 26. Nxc6 Rxd4 27. Ne7+ Kf8 28. Qxb7 Rad8 29. Ng6+ Kg8 30. Rxe6 Rd1+ 31. Rxd1 Rxd1+ 32. Kh2 Rd2 33. Re7 Kh7 34. Rxg7+ Kh6 35. h4 Rxf2 36. Qf7 Kh5 37. Kh3 1-0

[Event "FIDE WCCC Open-10 2024"]
[Site "Montesilvano"]
[Date "2024.11.18"]
[Round "4.17"]
[White "Xia, Joshua"]
[Black "Katta, Sriansh"]
[Result "1-0"]
[ECO "B32"]
[WhiteElo "2052"]
[BlackElo "1766"]
[Annotator "RC"]
[PlyCount "119"]
[EventDate "2024.11.18"]
[EventType "swiss"]
[EventCountry "ITA"]
[SourceTitle "playchess.com"]
[Source "ChessBase"]
[SourceQuality "1"]
[TimeControl "5400+30"]

1. e4 c5 2. Nf3 Nc6 3. d4 cxd4 4. Nxd4 e5 5. Nb5 d6 6. c4 Be6 7. Be2 g6 8. O-O a6 9. N5c3 Bg7 10. Be3 Nf6 11. Qd2 Rc8 12. Na3 O-O 13. Rad1 Nd4 14. Bxd4 exd4 15. Qxd4 Nd5 16. Qd2 Nxc3 17. bxc3 Qa5 18. Qc1 Bxc3 19. Rxd6 Bb4 20. Rd3 b5 21. Rg3 bxc4 22. Nc2 Bd6 23. f4 Qc7 24. Kh1 Kh8 25. Nd4 Qc5 26. Qc3 Qb4 27. Nxe6+ Qxc3 28. Rxc3 fxe6 29. e5 Bb8 30. Rxc4 Rxc4 31. Bxc4 a5 32. g3 g5 33. Kg2 gxf4 34. gxf4 Re8 35. Rb1 Ba7 36. Kf3 Bc5 37. Rb7 Re7 38. Rxe7 Bxe7 39. Bxe6 Kg7 40. Ke4 h6 41. Bc4 Bb4 42. Kd5 Kf7 43. Kc6+ Kg6 44. Bd3+ Kf7 45. Kd7 Kf8 46. f5 Bc3 47. Ke6 h5 48. f6 h4 49. h3 Bb2 50. Kf5 Ba3 51. e6 Ke8 52. Bb5+ Kf8 53. e7+ Bxe7 54. fxe7+ Kxe7 55. Kg4 Kf7 56. Kxh4 Kg7 57. Kg4 Kh7 58. Kf4 Kh8 59. Ke4 Kg7 60. Kd5 1-0

[Event "FIDE WCCC Open-10 2024"]
[Site "Montesilvano"]
[Date "2024.11.18"]
[Round "4.18"]
[White "Babeikin, Kiryl"]
[Black "Filipovs, Sergejs"]
[Result "0-1"]
[ECO "C60"]
[WhiteElo "1721"]
[BlackElo "2012"]
[Annotator "RC"]
[PlyCount "104"]
[EventDate "2024.11.18"]
[EventType "swiss"]
[EventCountry "ITA"]
[SourceTitle "playchess.com"]
[Source "ChessBase"]
[SourceQuality "1"]
[TimeControl "5400+30"]

1. e4 e5 2. Nf3 Nc6 3. Bb5 Nge7 4. O-O g6 5. d4 exd4 6. Nxd4 Bg7 7. Be3 O-O 8. Nc3 d5 9. exd5 Nb4 10. Bg5 h6 11. Bxe7 Qxe7 12. a3 Bxd4 13. axb4 Bg7 14. Ra4 Bf5 15. Bd3 Bd7 16. b5 Qc5 17. Rc4 Qb6 18. h4 h5 19. Qf3 Rae8 20. Ra1 Bg4 21. Qf4 Be5 22. Qd2 Qf6 23. Qg5 Qb6 24. Rxg4 hxg4 25. h5 g3 26. hxg6 Qxf2+ 27. Kh1 Qf6 28. Qxf6 Bxf6 29. Ne4 Kg7 30. Nxg3 Rh8+ 31. Kg1 Bd4+ 32. Kf1 fxg6 33. Ra4 Bxb2 34. Ne4 Rh1+ 35. Ke2 Ra1 36. Rc4 Be5 37. Ng5 Bd6+ 38. Ne6+ Kf6 39. Rg4 g5 40. Kd2 Rg8 41. Bh7 Rh8 42. Bd3 Rh4 43. Rxh4 gxh4 44. c4 Ra2+ 45. Bc2 b6 46. Kc3 Be5+ 47. Kd2 Bd6 48. Kc3 Ra3+ 49. Kd2 Rg3 50. Be4 Ke5 51. Bf3 h3 52. Ke3 hxg2 0-1

[Event "FIDE WCCC Open-10 2024"]
[Site "Montesilvano"]
[Date "2024.11.18"]
[Round "4.18"]
[White "Bartash, Saveli"]
[Black "Park, Jaeik B"]
[Result "1-0"]
[ECO "B43"]
[WhiteElo "1661"]
[BlackElo "1872"]
[Annotator "NA RC"]
[PlyCount "53"]
[EventDate "2024.11.18"]
[EventType "swiss"]
[EventCountry "ITA"]
[SourceTitle "playchess.com"]
[Source "ChessBase"]
[SourceQuality "1"]
[TimeControl "5400+30"]

1. e4 c5 2. Nf3 e6 3. d4 cxd4 4. Nxd4 Nc6 5. Nc3 Qc7 6. Nb3 a6 7. Bd3 Nf6 8. f4 d6 9. O-O Be7 10. Be3 Bd7 11. Qe1 Ng4 12. Bd2 Qb6+ 13. Kh1 h5 14. Qe2 O-O-O 15. a4 Rdg8 16. a5 Qa7 17. Na4 Bd8 18. Bc3 Rh6 19. Nd2 Nd4 20. Bxd4 Qxd4 21. c3 Qf6 22. Bxa6 Qh4 23. Nf3 Qf6 24. Qc4+ Bc6 25. Qxc6+ Bc7 26. Nb6+ Kd8 27. Qd7# 1-0

[Event "FIDE WCCC Open-10 2024"]
[Site "Montesilvano"]
[Date "2024.11.18"]
[Round "4.19"]
[White "Ten Dam, Bram"]
[Black "Azimov, Yasin"]
[Result "0-1"]
[ECO "B33"]
[WhiteElo "2012"]
[BlackElo "1759"]
[Annotator "RC"]
[PlyCount "94"]
[EventDate "2024.11.18"]
[EventType "swiss"]
[EventCountry "ITA"]
[SourceTitle "playchess.com"]
[Source "ChessBase"]
[SourceQuality "1"]
[TimeControl "5400+30"]

1. e4 c5 2. Nf3 Nc6 3. d4 cxd4 4. Nxd4 Qb6 5. Nb3 Nf6 6. Nc3 e6 7. Be3 Qc7 8. a3 a6 9. Be2 b5 10. f4 d6 11. O-O Bb7 12. Bf3 Be7 13. Qe2 O-O 14. Rad1 Rac8 15. Qf2 b4 16. axb4 Nxb4 17. g4 d5 18. e5 Nd7 19. Nd4 Bc5 20. Rc1 Nb6 21. b3 Nd7 22. Nce2 Bb6 23. g5 Nc5 24. Qe1 Nc6 25. Kh1 Ne4 26. c3 Rfd8 27. Rg1 Ne7 28. h4 Nf5 29. Bxe4 dxe4 30. Nxf5 exf5 31. Nd4 g6 32. Kh2 Bc5 33. Qe2 Bxd4 34. Bxd4 Bd5 35. Rb1 Qc6 36. Rb2 Ra8 37. Kg3 a5 38. h5 Be6 39. Rh1 Rd7 40. Ra1 Rdd8 41. Ra3 a4 42. bxa4 Rxa4 43. Rb6 Qa8 44. Rxa4 Qxa4 45. Qb2 Qd1 46. Rb8 Qf3+ 47. Kh4 Qg4# 0-1

[Event "FIDE WCCC Open-10 2024"]
[Site "Montesilvano"]
[Date "2024.11.18"]
[Round "4.20"]
[White "Ivanovic, Leonid"]
[Black "Kadyr, Aldiyar"]
[Result "1-0"]
[ECO "B87"]
[WhiteElo "1990"]
[BlackElo "1759"]
[Annotator "RC"]
[PlyCount "91"]
[EventDate "2024.11.18"]
[EventType "swiss"]
[EventCountry "ITA"]
[SourceTitle "playchess.com"]
[Source "ChessBase"]
[SourceQuality "1"]
[TimeControl "5400+30"]

1. e4 c5 2. Nf3 d6 3. d4 cxd4 4. Nxd4 Nf6 5. Nc3 a6 6. Bc4 e6 7. Bb3 Be7 8. Qe2 O-O 9. Be3 b5 10. a3 Qa5 11. O-O-O Bb7 12. f3 Nbd7 13. g4 Nc5 14. g5 Nfd7 15. h4 Nxb3+ 16. Nxb3 Qc7 17. f4 Nc5 18. Bd4 Nxb3+ 19. cxb3 e5 20. Be3 Bxe4 21. Bb6 Qxb6 22. Qxe4 Rac8 23. Kb1 Kh8 24. Nd5 Qb7 25. f5 g6 26. f6 Bd8 27. h5 Rg8 28. hxg6 fxg6 29. Rxh7+ Qxh7 30. Rh1 Rf8 31. Rxh7+ Kxh7 32. Qh4+ Kg8 33. Qh6 Kf7 34. Qg7+ Ke6 35. Qxf8 Kxd5 36. Qg8+ Kd4 37. f7 Bxg5 38. Qxc8 Bh6 39. Qh8 Kd3 40. Qxh6 e4 41. f8=Q Ke2 42. Qh2+ Kd3 43. Qfxd6+ Ke3 44. Qdf4+ Kd4 45. Qhd2+ Kc5 46. Qc7# 1-0

[Event "FIDE WCCC Open-10 2024"]
[Site "Montesilvano"]
[Date "2024.11.18"]
[Round "4.21"]
[White "Seo, Juwon"]
[Black "Chakhalov, Mikael"]
[Result "1-0"]
[ECO "B33"]
[WhiteElo "1721"]
[BlackElo "1962"]
[Annotator "RC"]
[PlyCount "79"]
[EventDate "2024.11.18"]
[EventType "swiss"]
[EventCountry "ITA"]
[SourceTitle "playchess.com"]
[Source "ChessBase"]
[SourceQuality "1"]
[TimeControl "5400+30"]

1. e4 c5 2. Nf3 Nc6 3. d4 cxd4 4. Nxd4 Nf6 5. Nc3 e5 6. Ndb5 d6 7. Bg5 a6 8. Na3 b5 9. Nd5 Be7 10. Bxf6 Bxf6 11. c3 Rb8 12. Nc2 Bg5 13. a4 bxa4 14. Ncb4 Nxb4 15. Nxb4 Bd7 16. Bxa6 O-O 17. O-O Rb6 18. Bc4 Bf4 19. Qe2 d5 20. Nxd5 Rh6 21. Nxf4 exf4 22. g3 Qg5 23. Qd3 Qh5 24. h4 Qg4 25. Rfd1 Bc6 26. Bd5 Bxd5 27. exd5 f3 28. Qf1 Rxh4 29. Rd4 Qxd4 30. cxd4 Rxd4 31. Rd1 Rb4 32. Qa6 Rxb2 33. Qxa4 Rd8 34. d6 Rb6 35. Qa5 Rbb8 36. d7 h6 37. Qc7 Kf8 38. Qxb8 Rxb8 39. d8=Q+ Rxd8 40. Rxd8+ 1-0

[Event "FIDE WCCC Open-10 2024"]
[Site "Montesilvano"]
[Date "2024.11.18"]
[Round "4.21"]
[White "Wu, Chenyu"]
[Black "Chkhartishvili, Lazare"]
[Result "0-1"]
[ECO "E52"]
[WhiteElo "1503"]
[BlackElo "1836"]
[Annotator "NA RC"]
[PlyCount "88"]
[EventDate "2024.11.18"]
[EventType "swiss"]
[EventCountry "ITA"]
[SourceTitle "playchess.com"]
[Source "ChessBase"]
[SourceQuality "1"]
[TimeControl "5400+30"]

1. d4 Nf6 2. c4 e6 3. Nc3 Bb4 4. e3 O-O 5. Nf3 d5 6. Bd3 b6 7. O-O Bb7 8. a3 Bxc3 9. bxc3 Nbd7 10. cxd5 exd5 11. a4 a5 12. Qe2 Ne4 13. Bxe4 dxe4 14. Nd2 Nf6 15. c4 Qd7 16. Bb2 Ba6 17. Qd1 c6 18. Qb3 Rab8 19. Rfd1 Rfd8 20. Qc3 Qe6 21. Nb3 Bxc4 22. Nd2 Bd5 23. Rac1 Rd7 24. Ba3 Ne8 25. Rb1 Rdd8 26. Rb2 Nf6 27. Rdb1 Nd7 28. f3 f5 29. fxe4 fxe4 30. Nf1 Bc4 31. Ng3 Bd3 32. Rc1 Rdc8 33. Nh5 Qh6 34. Nf4 Ba6 35. Qb3+ Kh8 36. Qf7 Rb7 37. Qf5 Re8 38. Rbc2 Rc7 39. Rc3 b5 40. axb5 Bxb5 41. Ne6 Qxe6 42. Qf4 Rcc8 43. Rc5 Nxc5 44. Rxc5 Rf8 0-1

[Event "FIDE WCCC Open-10 2024"]
[Site "Montesilvano"]
[Date "2024.11.18"]
[Round "4.22"]
[White "Aguike, Toshiya"]
[Black "Fuentes de Nova, Sebastian"]
[Result "1/2-1/2"]
[ECO "C54"]
[WhiteElo "1716"]
[BlackElo "1929"]
[Annotator "RC"]
[PlyCount "125"]
[EventDate "2024.11.18"]
[EventType "swiss"]
[EventCountry "ITA"]
[SourceTitle "playchess.com"]
[Source "ChessBase"]
[SourceQuality "1"]
[TimeControl "5400+30"]

1. e4 e5 2. Nf3 Nc6 3. Bc4 Bc5 4. c3 Nf6 5. d4 exd4 6. e5 d5 7. Bb5 Ne4 8. cxd4 Bb6 9. Be3 O-O 10. Nc3 Bg4 11. h3 Bh5 12. Qc2 Bg6 13. Qb3 a6 14. Bxc6 bxc6 15. O-O Bh5 16. g4 Bg6 17. Rfd1 f5 18. Nxe4 fxe4 19. Nh2 Qh4 20. Kg2 Be8 21. Rh1 Bd7 22. Raf1 Rab8 23. Qd1 Ba7 24. b3 a5 25. f4 g6 26. Rf2 Rf7 27. Qd2 Bb6 28. f5 Qe7 29. e6 Bxe6 30. fxe6 Rxf2+ 31. Qxf2 Rf8 32. Qg3 Qxe6 33. Rf1 Rxf1 34. Nxf1 Qf6 35. g5 Qg7 36. Qf2 Qf8 37. Nh2 Qxf2+ 38. Kxf2 Kf7 39. Ng4 Ke6 40. Nf6 h5 41. Kg3 Ba7 42. Kf4 c5 43. dxc5 c6 44. Bd4 Bb8+ 45. Ke3 Kf5 46. Nh7 Bf4+ 47. Ke2 Bc7 48. a3 Kf4 49. Kf2 Kf5 50. b4 axb4 51. axb4 Bf4 52. Ke2 Bb8 53. Bf6 Kf4 54. Nf8 Kf5 55. Nd7 Bc7 56. Nb6 Ke6 57. Nc8 Bf4 58. Ne7 d4 59. Nxc6 d3+ 60. Kd1 e3 61. Nd4+ Kd5 62. Nf3 Ke4 63. Nd4 1/2-1/2

[Event "FIDE WCCC Open-10 2024"]
[Site "Montesilvano"]
[Date "2024.11.18"]
[Round "4.23"]
[White "Golya, David"]
[Black "Mutyalapati, Modith Aaroh"]
[Result "0-1"]
[ECO "C01"]
[WhiteElo "1672"]
[BlackElo "1893"]
[Annotator "NA RC"]
[PlyCount "82"]
[EventDate "2024.11.18"]
[EventType "swiss"]
[EventCountry "ITA"]
[SourceTitle "playchess.com"]
[Source "ChessBase"]
[SourceQuality "1"]
[TimeControl "5400+30"]

1. e4 e6 2. d4 d5 3. Bd3 dxe4 4. Bxe4 Nf6 5. Bf3 c5 6. Be3 Nd5 7. Bxd5 Qxd5 8. Nf3 cxd4 9. Qxd4 Qa5+ 10. Bd2 Qc7 11. Nc3 Nc6 12. Nb5 Qe7 13. Qc3 a6 14. Ne5 axb5 15. Nxc6 Qd6 16. Nd4 Bd7 17. O-O e5 18. Rfe1 Be7 19. Nf3 f6 20. a3 Qc6 21. Qd3 Be6 22. b4 O-O 23. c3 Rfd8 24. Qe3 Rd6 25. h3 Bd8 26. Red1 Bb6 27. Qe1 Bxh3 28. Rdc1 Bg4 29. Nh2 Bf5 30. Be3 Bxe3 31. Qxe3 Rd3 32. Qe1 e4 33. f3 e3 34. Nf1 Re8 35. Ng3 Bg6 36. Ne2 Rd2 37. Rd1 Qc4 38. Nd4 Qxc3 39. Nxb5 Qb2 40. Rxd2 exd2 41. Qf1 Qxa1 0-1

[Event "FIDE WCCC Open-10 2024"]
[Site "Montesilvano"]
[Date "2024.11.18"]
[Round "4.23"]
[White "Radovic, Koca"]
[Black "Loberti, Tommaso"]
[Result "0-1"]
[ECO "C50"]
[WhiteElo "1626"]
[BlackElo "1474"]
[Annotator "NA RC"]
[PlyCount "100"]
[EventDate "2024.11.18"]
[EventType "swiss"]
[EventCountry "ITA"]
[SourceTitle "playchess.com"]
[Source "ChessBase"]
[SourceQuality "1"]
[TimeControl "5400+30"]

1. e4 e5 2. Nf3 Nc6 3. Bc4 Bc5 4. O-O d6 5. h3 Nf6 6. d3 h6 7. Nc3 Be6 8. Bxe6 fxe6 9. Re1 Qd7 10. a3 a6 11. b4 Ba7 12. Rb1 O-O 13. Qe2 Qf7 14. Rf1 Nh5 15. Be3 Bxe3 16. fxe3 Ng3 17. Qd2 Nxf1 18. Rxf1 Qg6 19. b5 axb5 20. Nxb5 Rf7 21. Qe2 Raf8 22. Nc3 Qg3 23. Nb1 Ne7 24. Nbd2 Ng6 25. Rf2 Nh4 26. Nf1 Nxf3+ 27. Rxf3 Qg5 28. Rxf7 Rxf7 29. Nh2 d5 30. Nf3 Qf6 31. exd5 exd5 32. Nd2 Qh4 33. Qg4 Qxg4 34. hxg4 Rf6 35. Nf3 e4 36. Ne5 exd3 37. cxd3 Ra6 38. Kf2 Rxa3 39. Kf3 b5 40. Nc6 Rxd3 41. Ke2 Rc3 42. Nd4 c5 43. Nxb5 Rc2+ 44. Kf3 c4 45. Nd4 Rb2 46. Ne2 g5 47. g3 Kf7 48. Nc3 Ke6 49. e4 Rb3 50. exd5+ Ke5 0-1

[Event "FIDE WCCC Open-10 2024"]
[Site "Montesilvano"]
[Date "2024.11.18"]
[Round "4.24"]
[White "Barsov, Mikhail"]
[Black "Zabelin, Platon"]
[Result "1/2-1/2"]
[ECO "E09"]
[WhiteElo "1668"]
[BlackElo "1870"]
[Annotator "NA RC"]
[PlyCount "85"]
[EventDate "2024.11.18"]
[EventType "swiss"]
[EventCountry "ITA"]
[SourceTitle "playchess.com"]
[Source "ChessBase"]
[SourceQuality "1"]
[TimeControl "5400+30"]

1. c4 e6 2. g3 d5 3. Bg2 Nf6 4. Nf3 Be7 5. O-O O-O 6. d4 c6 7. Nbd2 b6 8. Qc2 Bb7 9. b3 Nbd7 10. Bb2 Rc8 11. Rac1 c5 12. Qb1 Rc7 13. a3 Qa8 14. cxd5 Bxd5 15. dxc5 bxc5 16. Rfe1 Ne4 17. Nxe4 Bxe4 18. Qa1 Bf6 19. Bxf6 Nxf6 20. Qe5 Rfc8 21. Red1 h6 22. Rd8+ Rxd8 23. Qxc7 Rc8 24. Qe7 Qb7 25. Qxb7 Bxb7 26. Ne5 Bxg2 27. Kxg2 Rb8 28. Rxc5 Rxb3 29. Ra5 Ne4 30. Rxa7 f6 31. Nd3 Nc3 32. Nc5 Rb6 33. Ra6 Rxa6 34. Nxa6 Nxe2 35. a4 Nc3 36. a5 Nb5 37. Nc5 Kf7 38. Kf3 Ke7 39. Ke4 Kd6 40. Nb7+ Kc6 41. Nd8+ Kd7 42. Nb7 Kc6 43. Nd8+ 1/2-1/2